 Dungeon Crawl Stone Soup version 0.24.0-37-gcf1ca852f1 (webtiles) character file.

Game seed: 11096639185717003793, levelgen mode: deterministic

112 Belius the Skirmisher (level 5, -4/43 HPs)
             Began as a Formicid Abyssal Knight on Dec 5, 2019.
             Was a Follower of Lugonu.
             Slain by a bullfrog (6 damage)
             ... on level 2 of the Dungeon.
             The game lasted 00:03:57 (2121 turns).

Belius the Skirmisher (Formicid Abyssal Knight)     Turns: 2121, Time: 00:03:58

Health: -4/43      AC:  3    Str: 17    XL:     5   Next: 16%
Magic:  6/6        EV: 11    Int: 12    God:    Lugonu [*.....]
Gold:   49         SH:  0    Dex: 10    Spells: 4/4 levels left

rFire    + . .     SeeInvis +   a - +1 falchion
rCold    + . .     Gourm    .   (no shield)
rNeg     . . .     Faith    .   b - +0 leather armour
rPois    +         Spirit   .   (helmet unavailable)
rElec    +         Reflect  .   (no cloak)
rCorr    +         Harm     .   (no gloves)
MR       .....                  (no boots)
Stlth    +.........             (no amulet)
HPRegen  0.14/turn              (no ring)
MPRegen  0.10/turn              (no ring)

@: resistant
A: permanent stasis, dig shafts and tunnels, four strong arms, antennae 3
a: Dig, Shaft Self, Depart the Abyss, Renounce Religion


You were on level 2 of the Dungeon.
You worshipped Lugonu.
Lugonu was aware of your devotion.
You were not hungry.

You visited 1 branch of the dungeon, and saw 2 of its levels.
You visited the Abyss 1 time.

You collected 49 gold pieces.

Inventory:

Hand Weapons
 a - a +1 falchion (weapon)
Armour
 b - a +0 leather armour (worn)
Jewellery
 d - a cursed -3 ring of evasion {unknown}
 g - an uncursed ring of magical power {unknown}
Scrolls
 f - 2 scrolls of identify {unknown}
 h - a scroll of remove curse {unknown}
 i - a scroll of magic mapping {unknown}
 j - a scroll of random uselessness {unknown}
 l - a scroll of noise {unknown}
Comestibles
 c - 6 rations
 k - 5 chunks of flesh


   Skills:
 + Level 4.4 Fighting
 + Level 3.4 Long Blades
 + Level 2.5 Armour
 - Level 1.4 Dodging
 + Level 0.5 Stealth
 + Level 2.3 Invocations


You had 4 spell levels left.
You didn't know any spells.
Your spell library was empty.

Dungeon Overview and Level Annotations

Branches:
Dungeon (2/15)

Altars:
Nemelex Xobeh


Innate Abilities, Weirdness & Mutations

You cannot be hasted, slowed, berserked, paralysed or teleported.
You can dig through walls and to a lower floor.
Your four strong arms can wield two-handed weapons with a shield.
You have a pair of large antennae on your head. (SInv)


Message History

The bullfrog hits you.
* * * LOW HITPOINT WARNING * * *
The bullfrog hits you.
* * * LOW HITPOINT WARNING * * *
You barely miss the bullfrog.
The bullfrog is almost dead.
The bullfrog hits you.
* * * LOW HITPOINT WARNING * * *
The bullfrog barely misses you.
You barely miss the bullfrog.
The bullfrog is almost dead.
The bullfrog hits you.
* * * LOW HITPOINT WARNING * * *
You aren't carrying any potions.
Unknown command.
Okay, then.
You hit the bullfrog.
The bullfrog is almost dead.
The bullfrog hits you.
You die...

### ..# #.#
#.##
###########
...#
#..@F.....#
#..######.#
##.####.#..#
#.........#
#..#
#.#########
#.##{ #.# #.#
#.# #.#
#.###########.#
{
#.............#
###############


You could see a bullfrog.

Vanquished Creatures
  A scorpion (D:2)
  2 adders (D:2)
  A leopard gecko (D:1)
  3 giant cockroaches (D:1)
  3 goblins (D:1)
  2 hobgoblins
  11 jackals
  4 kobolds (D:1)
  2 ball pythons (D:2)
  6 bats
  A frilled lizard (D:1)
  9 rats
45 creatures vanquished.

Notes
Turn   | Place    | Note
-------+----------+-------------------------------------------
     0 | Abyss:1  | Belius the Formicid Abyssal Knight began the quest for the
                  | Orb.
     0 | Abyss:1  | Reached XP level 1. HP: 18/18 MP: 2/2
    98 | Abyss:1  | Noticed a ynoxinul
   103 | Abyss:1  | Noticed a tentacled starspawn
   104 | D:1      | Escaped the Abyss
   184 | D:1      | Reached XP level 2. HP: 14/25 MP: 3/3
   523 | D:1      | Reached * piety under Lugonu
   593 | D:1      | Reached skill level 4 in Fighting
   872 | D:1      | Reached XP level 3. HP: 28/30 MP: 4/4
  1044 | D:1      | Reached skill level 1 in Dodging
  1323 | D:2      | Noticed a scorpion
  1339 | D:2      | Killed a scorpion
  1339 | D:2      | Reached XP level 4. HP: 17/37 MP: 5/5
  1826 | D:2      | Found a faded altar of an unknown god.
  1834 | D:2      | Found a sparkling altar of Nemelex Xobeh.
  1924 | D:2      | Reached XP level 5. HP: 38/43 MP: 6/6
  2104 | D:2      | Noticed a bullfrog
  2120 | D:2      | HP: 2/43 [bullfrog (3)]
  2121 | D:2      | Slain by a bullfrog

Levels and vault maps discovered:
D:1:      nicolae_arrival_washed_ashore, layout_basic, hangedman_decor_lopped,
          minmay_domino_2
D:2:      minmay_wonky_spiral, layout_loops_ring,
          nemelex_xobeh_ov_fountains_minmay, first_ration,
          chequers_ecumenical_altar_simple

Skill      XL: |  1  2  3 |
---------------+----------+-----
Fighting       | 4 |  4.4
Dodging        | 1 |  1.4
Long Blades    | 3 |  3.4
Armour         | |  2.5
Stealth        | |  0.5
Invocations    | |  2.3

Action                   |  1- 3 |  4- 6 || total
-------------------------+-------+-------++-------
Melee: Falchion          |   104 |    71 ||   175
Invok: Depart the Abyss  |     1 |       ||     1
  Use: Potion            |     2 |     2 ||     4
  Eat: Chunk             |     1 |     3 ||     4
Armor: Leather armour    |    31 |    27 ||    58
Dodge: Dodged            |    81 |    57 ||   138
       Rpst.: Falchion   |    29 |    14 ||    43
